 Dungeon Crawl Stone Soup version 0.19.4-9-g45fd643 (webtiles) character file.

70833 Mesmaeker13 the Spear-Bearer (level 14, -25/122 HPs)
             Began as a Demonspawn Gladiator on Feb 17, 2017.
             Was a High Priest of Ashenzari.
             Annihilated by an orc warrior
             ... wielding a +0 long sword
              (28 damage)
             ... on level 1 of the Orcish Mines.
             The game lasted 01:18:27 (31334 turns).

Mesmaeker13 the Spear-Bearer (DsGl)                Turns: 31334, Time: 01:18:28

Health: -25/122    AC: 18    Str: 17    XL:     14   Next: 95%
Magic:  0/20       EV: 13    Int: 12    God:    Ashenzari [*****.]
Gold:   1355       SH:  0    Dex: 17    Spells: 0 memorised, 13 levels left

rFire  + . .     SeeInvis +     K - +5 lajatang (elec) (curse)
rCold  + . .     Gourm    .     U - +2 scale mail "Magroir" {*Slow rC+ Dex+2}
rNeg   . . .     Faith    .     (shield currently unavailable)
rPois  .         Spirit   +     (helmet restricted)
rElec  .         Reflect  .     q - +1 cloak (curse)
rCorr  .         Harm     .     l - +0 pair of gloves (curse)
MR     ++...     Clarity  +     A - +0 pair of boots {Fly}
Stlth  ++........               y - amulet of guardian spirit
                                B - ring of protection from magic
                                b - ring of see invisible (curse)

@: drained
A: horns 2, iridescent scales 1, fire resistance 1, nightstalker 2, robust 1,
flame cloud immunity
a: Curse Item, Scrying, Transfer Knowledge, Renounce Religion, Evoke Flight


You were on level 1 of the Orcish Mines.
You worshipped Ashenzari.
Ashenzari was extremely pleased with you.
You were not hungry.

You visited 4 branches of the dungeon, and saw 20 of its levels.
You also visited: Ice Cave.

You collected 1901 gold pieces.
You spent 546 gold pieces at shops.

Inventory:

Hand Weapons
 K - a cursed +5 lajatang of electrocution (weapon)
Missiles
 N - 3 throwing nets (quivered)
Armour
 a - a +2 leather armour of poison resistance
 e - a +2 shield of protection
 l - a cursed +0 pair of gloves (worn)
 q - a cursed +1 cloak (worn)
 A - a +0 pair of boots of flying (worn)
 U - the +2 scale mail "Magroir" (worn) {*Slow rC+ Dex+2}
   (You found it on level 10 of the Dungeon)

   It affects your dexterity (+2).
   It protects you from cold.
   It may slow you when you take damage.
Jewellery
 b - a cursed ring of see invisible (left hand)
 n - an uncursed ring of flight
 y - an amulet of guardian spirit (around neck)
 B - a ring of protection from magic (right hand)
 D - an uncursed ring of protection from cold
Wands
 m - a wand of lightning (12/15)
 M - a wand of teleportation (5/9)
 V - a wand of iceblast (2/15)
Scrolls
 c - 6 scrolls of amnesia
 g - 2 scrolls of fear
 j - 4 scrolls of blinking
 k - 3 scrolls of remove curse
 u - 3 scrolls of fog
 F - 4 scrolls of enchant armour
 J - a scroll of teleportation
Potions
 h - 5 potions of heal wounds
 i - 4 potions of curing
 o - a potion of invisibility {unknown}
 r - 4 potions of agility
 s - 3 potions of flight
 t - 2 potions of haste
 w - 3 potions of brilliance
 x - 2 potions of cancellation {unknown}
 L - a potion of resistance
 Q - 3 potions of might
 T - a potion of cure mutation {unknown}
Miscellaneous
 S - a disc of storms
Comestibles
 d - 10 chunks of flesh
 f - 7 bread rations


   Skills:
 + Level 10.6(10.5) Fighting
   Level 12.9 Polearms
 + Level 2.1(10.3) Staves
 - Level 1.7(1.6) Throwing
 - Level 10.4(10.3) Armour
 + Level 6.1(6.0) Dodging
 + Level 12.7(12.6) Shields
 - Level 8.1(8.0) Evocations


You had 13 spell levels left.
You didn't know any spells.

Dungeon Overview and Level Annotations

Branches:
Dungeon (12/15)            Temple (1/1) D:6            Lair (6/6) D:8
  Swamp (0/4) Lair:2        Snake (0/4) Lair:4        Slime (0/5) Lair:5
    Orc (1/2) D:12

Altars:
Ashenzari
Cheibriados
Dithmenos
Elyvilon
Fedhas
Gozag
Hepliaklqana
Kikubaaqudgha
Makhleb
Nemelex Xobeh
Okawaru
Qazlal
Ru
Sif Muna
Trog
Uskayaw
Vehumet
Xom
Yredelemnul
Zin
The Shining One
Jiyva

Shops:
D:4 !([*   D:6 [   D:10 [

Annotations:
D:4 Eustachio
D:8 Maurice


Innate Abilities, Weirdness & Mutations

You have a pair of horns on your head.
You are partially covered in iridescent scales. (AC +2)
Your flesh is heat resistant. (rF+)
You are significantly more attuned to the shadows.
You are immune to clouds of flame.
You are robust. (+10% HP)


Message History

The orc warrior closely misses you.
Things that are here:
a +1 long sword of protection; an uncursed plate armour; an orc corpse You closely miss the orc wizard.
The orc wizard hits you but does no damage.
The orc warrior hits you with a long sword!!
* * * LOW HITPOINT WARNING * * *
You slash the orc wizard!
There is a sudden explosion of sparks!
You kill the orc wizard!
You feel much better.
The orc warrior hits you but does no damage.
You slash the orc warrior!
There is a sudden explosion of sparks!
You headbutt the orc warrior.
The orc warrior is almost dead.
The orc warrior hits you with a long sword!!
* * * LOW HITPOINT WARNING * * *
You closely miss the orc warrior. Your headbutt misses the orc warrior.
The orc warrior is almost dead.
The orc warrior hits you with a long sword!!
You die...

, , ,, #......$# ,, ,
, ......$# ,, ,,,
#......# , ,,
#......# , , _, {,,
#.)....# , ,
,#......# ,, , ,
##...### ,, , ##'##
,,{ ,,{, ####o@)### *
, ,,, ###........#
*#+ ###..........# ,
,##.##............#
..#...#............#
..#...#..))........#
..'...'((.)........#
,,.#...#............#
,#...#............#


You could see an orc warrior.

Vanquished Creatures
  Rupert (Lair:4)
  A frost giant (IceCv)
  An orc warlord (D:12)
  Josephine (Lair:5)
  Harold (Lair:4)
  4 hydras
  A merfolk avatar (Lair:6)
  2 catoblepae
  A tengu warrior (D:12)
  3 death yaks (Lair:6)
  A sea snake (Lair:6)
  An orc knight (Orc:1)
  3 hill giants (D:12)
  A lindwurm (Lair:1)
  A harpy (Lair:6)
  A deep elf mage (D:12)
  A cyclops (Orc:1)
  A salamander (Lair:4)
  3 manticores
  Psyche (D:8)
  An ice statue (IceCv)
  4 black mambas
  8 elephants
  16 spiny frogs
  A centaur skeleton (D:12)
  10 rime drakes
  8 komodo dragons
  3 trolls
  22 polar bears
  Prince Ribbit (D:6)
  2 hornets (Lair:6)
  8 hippogriffs
  A slime creature (Lair:5)
  20 blink frogs
  5 spriggans (Lair:1)
  A vampire (D:11)
  5 wraiths (Lair:5)
  7 wyverns
  A fire bat (Orc:1)
  61 yaks
  2 steam dragons
  4 hungry ghosts
  3 basilisks
  A hog (D:6)
  Menkaure (D:4)
  Edmund (D:6)
  11 porcupines
  21 water moccasins
  11 orc warriors
  A black bear (D:12)
  2 necrophages
  An eye of draining (D:12)
  4 ice beasts
  2 sky beasts
  27 wolves
  6 ogres
  2 phantoms
  A centaur (D:11)
  23 crocodiles
  Blork the orc (D:4)
  3 big kobolds
  10 bullfrogs
  A wyvern skeleton (D:9)
  2 scorpions
  9 killer bees
  8 wights
  7 howler monkeys
  4 electric eels
  11 crimson imps
  2 centaur zombies
  A bullfrog zombie (D:7)
  10 hounds
  7 orc priests
  3 jellies
  7 orc wizards
  A bullfrog skeleton (D:7)
  6 iguanas
  4 worker ants
  A worker ant zombie (D:5)
  5 river rats (D:8)
  12 adders
  11 gnolls
  A shadow imp (D:5)
  An ooze (D:4)
  An adder zombie (D:7)
  2 adder skeletons
  2 worms
  A dart slug (D:5)
  8 leopard geckos
  34 orcs
  5 giant cockroaches
  8 hobgoblins
  19 jackals
  6 quokkas
  A ball python (D:5)
  12 bats
  9 frilled lizards
  5 goblins
  A jackal zombie (D:6)
  18 kobolds
  2 leopard gecko skeletons
  A quokka skeleton (D:7)
  A quokka zombie (D:5)
  21 rats
  2 fungi
  9 plants
635 creatures vanquished.

Vanquished Creatures (others)
  3 yaks (IceCv)
  2 wolves (IceCv)
  19 fungi
  73 plants
97 creatures vanquished.

Grand Total: 732 creatures vanquished

Notes
Turn   | Place    | Note
-------+----------+-------------------------------------------
     0 | D:1      | Mesmaeker13 the Demonspawn Gladiator began the quest for the Orb.
     0 | D:1      | Reached XP level 1. HP: 16/16 MP: 1/1
   313 | D:1      | Gained mutation: Your flesh is heat resistant. (rF+) [demonic ancestry]
   313 | D:1      | Reached XP level 2. HP: 22/22 MP: 2/2
   926 | D:2      | Gained mutation: You are partially covered in iridescent scales. (AC +2) [demonic ancestry]
   926 | D:2      | Reached XP level 3. HP: 26/28 MP: 3/3
  1435 | D:2      | Reached XP level 4. HP: 35/35 MP: 4/4
  1531 | D:3      | Found a hide-covered altar of Uskayaw.
  1956 | D:4      | Noticed an ogre
  1961 | D:4      | Killed an ogre
  1961 | D:4      | Reached XP level 5. HP: 41/41 MP: 5/5
  2063 | D:4      | Found Takhloa's Antique Weapon Boutique.
  2111 | D:4      | Found a sacrificial altar of Ru.
  2431 | D:4      | Found a white marble altar of Elyvilon.
  2538 | D:4      | Found Iskurof's General Store.
  2605 | D:4      | Reached XP level 6. HP: 23/48 MP: 4/6
  2957 | D:4      | Found Beahe's Antique Armour Shoppe.
  3008 | D:4      | Found Vikahiwe's Distillery.
  3092 | D:4      | Noticed Menkaure
  3099 | D:4      | Killed Menkaure
  3099 | D:4      | Reached skill level 1 in Armour
  3140 | D:4      | Noticed Eustachio
  3643 | D:3      | Gained mutation: You have a pair of small horns on your head. [demonic ancestry]
  3643 | D:3      | Reached XP level 7. HP: 52/55 MP: 5/7
  3655 | D:3      | Found a glowing golden altar of the Shining One.
  3983 | D:4      | Noticed Blork the orc
  4054 | D:5      | Entered Level 5 of the Dungeon
  4103 | D:4      | Reached skill level 5 in Polearms
  4345 | D:4      | Reached skill level 1 in Shields
  4394 | D:4      | Gained mutation: You are robust. (+10% HP) [potion of beneficial mutation]
  4401 | D:4      | Killed Blork the orc
  4401 | D:4      | Reached skill level 5 in Fighting
  5126 | D:5      | Found a stormy altar of Qazlal.
  5185 | D:5      | Found a basalt altar of Yredelemnul.
  5391 | D:5      | Found a blossoming altar of Fedhas.
  5395 | D:5      | Found a shattered altar of Ashenzari.
  5400 | D:5      | Found a burning altar of Makhleb.
  5407 | D:5      | Became a worshipper of Ashenzari the Shackled
  5623 | D:5      | Gained mutation: You are slightly more attuned to the shadows. [demonic ancestry]
  5623 | D:5      | Reached XP level 8. HP: 62/68 MP: 5/8
  5677 | D:5      | Found a glowing silver altar of Zin.
  5943 | D:6      | Noticed Prince Ribbit
  5962 | D:6      | Killed Prince Ribbit
  6085 | D:6      | Found a white marble altar of Elyvilon.
  6157 | D:6      | Found a staircase to the Ecumenical Temple.
  6239 | D:6      | Noticed Edmund
  6246 | D:6      | Killed Edmund
  6420 | D:6      | Got the hand axe of Impeachment {chop, +Fly Int+3}
  6516 | D:6      | Found Dimon's Antique Armour Shoppe.
  6553 | D:6      | Bought a pair of runed boots for 210 gold pieces
  7438 | Temple   | Entered the Ecumenical Temple
  7817 | D:7      | Reached * piety under Ashenzari
  7951 | D:7      | Found a glowing golden altar of the Shining One.
  7988 | D:7      | Reached XP level 9. HP: 72/74 MP: 7/9
  7994 | D:7      | Reached skill level 5 in Armour
  8438 | D:7      | Reached skill level 5 in Shields
  8476 | D:7      | Noticed Joseph
  8528 | D:6      | Noticed Joseph
  8528 | D:6      | Joseph changed into Joseph the hog
  8535 | D:6      | Killed Joseph the hog
  8916 | D:8      | Found a staircase to the Lair.
  9230 | D:8      | Found a snail-covered altar of Cheibriados.
  9235 | D:8      | Noticed Maurice
  9700 | D:8      | Noticed Psyche
  9800 | D:8      | Killed Psyche
 10146 | D:9      | Gained mutation: You are immune to clouds of flame. [demonic ancestry]
 10146 | D:9      | Reached XP level 10. HP: 79/81 MP: 10/10
 10383 | D:9      | Reached ** piety under Ashenzari
 10858 | D:10     | Entered Level 10 of the Dungeon
 11034 | D:10     | Got the uncursed scale mail "Magroir" {*Slow rC+ Dex+2}
 11045 | D:10     | Identified the +2 scale mail "Magroir" {*Slow rC+ Dex+2} (You found it on level 10 of the Dungeon)
 11257 | D:10     | Found Kiuffodu's Armour Shop.
 11575 | D:10     | Found a glowing golden altar of the Shining One.
 11956 | D:11     | Noticed a manticore
 11980 | D:11     | Killed a manticore
 12230 | D:11     | Reached XP level 11. HP: 81/85 MP: 9/11
 12890 | D:12     | Found a frozen archway.
 12914 | IceCv    | Entered an ice cave
 13521 | IceCv    | Reached skill level 10 in Polearms
 15836 | IceCv    | Noticed a frost giant
 15875 | IceCv    | Killed a frost giant
 15875 | IceCv    | Gained mutation: You have a pair of horns on your head. [demonic ancestry]
 15875 | IceCv    | Reached XP level 12. HP: 41/94 MP: 5/12
 15877 | IceCv    | Reached skill level 10 in Armour
 16291 | IceCv    | Identified the Collected Works on Icy Transmigration
 16696 | D:12     | Reached skill level 10 in Shields
 17367 | D:12     | Found a staircase to the Orcish Mines.
 17553 | D:12     | Noticed a tengu warrior
 17576 | D:12     | Killed a tengu warrior
 18000 | Lair:1   | Entered Level 1 of the Lair of Beasts
 18579 | Lair:1   | Noticed an eight-headed hydra
 19247 | Lair:1   | Reached skill level 1 in Evocations
 19508 | Orc:1    | Entered Level 1 of the Orcish Mines
 19674 | Orc:1    | Reached *** piety under Ashenzari
 19984 | Orc:1    | Noticed an orc warlord
 20275 | D:4      | Bought a potion of heal wounds for 70 gold pieces
 20275 | D:4      | Bought a potion of agility for 56 gold pieces
 20299 | D:6      | Bought a glowing chain mail for 210 gold pieces
 20371 | D:8      | Killed an eight-headed hydra
 20934 | Lair:1   | Gained mutation: You are significantly more attuned to the shadows. [demonic ancestry]
 20934 | Lair:1   | Reached XP level 13. HP: 67/104 MP: 11/14
 21940 | Lair:2   | Found a labyrinth entrance.
 22158 | Lair:2   | Found a staircase to the Swamp.
 23045 | Lair:3   | Reached **** piety under Ashenzari
 23579 | Lair:4   | Noticed Harold
 24287 | Lair:4   | Killed Harold
 24566 | Lair:4   | Found a staircase to the Snake Pit.
 24793 | Lair:4   | Reached skill level 5 in Evocations
 25034 | Lair:4   | Noticed Rupert
 25628 | Lair:5   | Noticed Josephine
 25651 | Lair:5   | Killed Josephine
 25979 | Lair:5   | Found a runed door.
 25979 | Lair:5   | Found a viscous altar of Jiyva.
 25979 | Lair:5   | Found a staircase to the Slime Pits.
 26489 | Lair:6   | Entered Level 6 of the Lair of Beasts
 26524 | Lair:6   | Identified the +2 long sword of Dishonesty {freeze, *Slow rF++}
 26824 | Lair:6   | Reached XP level 14. HP: 117/118 MP: 18/18
 27617 | Lair:6   | Reached ***** piety under Ashenzari
 28422 | Lair:6   | Reached skill level 5 in Dodging
 28483 | Lair:6   | Identified a scroll of acquirement
 28771 | Lair:5   | Reached skill level 10 in Fighting
 28814 | Lair:6   | Paralysed by a hornet for 3 turns
 29786 | Lair:6   | Reached skill level 1 in Staves
 30189 | Lair:4   | Killed Rupert
 30930 | D:12     | Killed an orc warlord
 31330 | Orc:1    | HP: 5/122 [orc warrior/long sword (17)]
 31334 | Orc:1    | Annihilated by an orc warrior

Skill      XL: |  1  2  3  4  5  6  7  8  9 10 11 12 13 14 |
---------------+-------------------------------------------+-----
Polearms       | 3 4 5 6 8 9 10 11 12 | 12.9
Dodging        | 3 4 6 |  6.1
Fighting       | 3 4 5 6 9 10 | 10.6
Armour         | 1 3 4 6 8 9 10 | 10.4
Shields        | 2 4 6 7 9 10 11 12 | 12.7
Evocations     | 2 5 8 |  8.1
Staves         | 2 |  2.1
Throwing       | |  1.7

Action                   |  1- 3 |  4- 6 |  7- 9 | 10-12 | 13-15 || total
-------------------------+-------+-------+-------+-------+-------++-------
Melee: Trident           |   157 |   209 |   771 |  1716 |  1707 ||  4560
       Headbutt          |       |       |   129 |   417 |   498 ||  1044
       Lajatang          |       |       |       |       |   115 ||   115
Throw: Throwing net      |     4 |     1 |       |       |     2 ||     7
Invok: Curse Item        |       |       |     4 |       |     1 ||     5
       Scrying           |       |       |       |     2 |     1 ||     3
 Abil: Stop Flying       |       |       |     1 |     1 |     1 ||     3
       Evoke Flight      |       |       |       |     1 |     1 ||     2
Evoke: Wand              |       |       |    15 |    36 |    15 ||    66
       Disc of storms    |       |       |       |       |     2 ||     2
  Use: Scroll            |       |     8 |     3 |    16 |     9 ||    36
       Potion            |       |       |     3 |     7 |     3 ||    13
 Stab: Sleeping          |     3 |       |     4 |     2 |    14 ||    23
       Held in net/web   |     1 |     2 |       |       |       ||     3
       Distracted        |       |       |     2 |       |     7 ||     9
       Confused          |       |       |     4 |       |     4 ||     8
  Eat: Chunk             |     2 |     7 |    23 |    32 |    35 ||    99
       Bread ration      |       |       |     2 |     1 |       ||     3
       Meat ration       |       |       |     2 |       |       ||     2
       Fruit             |       |       |       |     3 |     1 ||     4
Armor: Leather armour    |    51 |    19 |       |       |       ||    70
       Ring mail         |       |    49 |    57 |       |       ||   106
       Scale mail        |       |       |   143 |   511 |   355 ||  1009
Dodge: Dodged            |    88 |   109 |   171 |   499 |   371 ||  1238
Block: Shield            |       |     2 |   345 |  1024 |   765 ||  2136
